 Dungeon Crawl Stone Soup version 0.26-a0-752-gcff87cac9a (webtiles) character file.

Game seed: 17273043913687496647

406 Peloso the Covered (level 6, 0/56 HPs)
             Began as a Minotaur Fighter on Nov 6, 2020.
             Succumbed to a worker ant's poison
             ... on level 4 of the Dungeon.
             The game lasted 00:06:30 (3521 turns).

Peloso the Covered (Minotaur Fighter)               Turns: 3521, Time: 00:06:30

Health: 0/56       AC:  8    Str: 21    XL:     6   Next: 56%
Magic:  5/5        EV:  8    Int:  5    God:
Gold:   162        SH: 10    Dex: 11    Spells: 5/5 levels left

rFire    . . .     SeeInvis .   b - -3 dagger (curse)
rCold    . . .     Faith    +   c - +0 kite shield
rNeg     . . .     Spirit   .   n - +0 scale mail
rPois    .         Reflect  .   (helmet restricted)
rElec    .         Harm     .   (no cloak)
rCorr    .         Rampage  .   (no gloves)
MR       .....                  h - +0 pair of boots
Stlth    ..........             j - amulet of faith
HPRegen  0.18/turn              i - ring of attention (curse)
MPRegen  0.09/turn              (no ring)

@: mighty, lethally poisoned (0 -> -2)
A: retaliatory headbutt, horns 2
a: no special abilities


You were on level 4 of the Dungeon.
You visited 1 branch of the dungeon, and saw 4 of its levels.

You collected 162 gold pieces.

Inventory:

Hand Weapons
 a - a +1 long sword
 b - a cursed -3 dagger (weapon)
Armour
 c - a +0 kite shield (worn)
 h - a +0 pair of boots (worn)
 n - a +0 scale mail (worn)
Jewellery
 i - a cursed ring of attention (left hand)
 j - an amulet of faith (around neck)
 k - an uncursed ring of flight {unknown}
Wands
 m - a wand of digging (6)
Scrolls
 f - 3 scrolls of identify
 g - a scroll of amnesia
Potions
 d - 2 potions of might
 e - 2 potions of curing


   Skills:
 + Level 5.0 Fighting
 + Level 0.6(2.6) Short Blades
 + Level 4.5(4.6) Long Blades
 + Level 5.4 Armour
 + Level 1.8 Dodging
 + Level 0.5 Stealth
 + Level 5.2 Shields


You had 5 spell levels left.
You didn't know any spells.
Your spell library contained the following spells:

 Spells                   Type           Power        Failure   Level
 Magic Dart               Conj           #...         99%         1
 Blink                    Tloc           N/A          100%        2
 Call Imp                 Summ           #.......     100%        2
 Slow                     Hex            #.......     100%        2
 Conjure Flame            Conj/Fire      #.......     100%        3
 Mephitic Cloud           Conj/Pois/Air  #.......     100%        3


Dungeon Overview and Level Annotations

Branches:
Dungeon (4/15)
 Temple: D:4-7

Altars:
Cheibriados

Annotations:
D:4 Eustachio


Innate Abilities, Weirdness & Mutations

You reflexively headbutt those who attack you in melee.
You have a pair of horns on your head.


Message History

You feel sick. The white imp gestures at you. The puff of frost hits you!
* * * LOW HITPOINT WARNING * * *
You hit the white imp. Your headbutt misses the white imp.
The white imp is heavily wounded.
The white imp disappears in a puff of smoke!
You barely miss the river rat.
You feel sick. You block the river rat's attack.
You hit the river rat.
The river rat is lightly wounded.
The river rat bites you.
* * * LOW HITPOINT WARNING * * *
Your shield and scale mail prevent you from hitting the river rat.
The river rat is lightly wounded.
The river rat bites you.
* * * LOW HITPOINT WARNING * * *
Unknown command.
You hit the river rat but do no damage.
The river rat is lightly wounded.
You die...

#.....# #.....# #...B.#
###.....# # #.......#####h#
##.#...........###
####..######5.........
########....########.####....
......#..#####..@rr@..†......
.<......###....####..###.....
............### #.## ...
......####### ...# . ......#
..### ......# #.> ####### ##


You could see Eustachio, a river rat (summoned) and a rat (summoned).

Vanquished Creatures
  A howler monkey (D:4)
  3 wights (D:3)
  2 hounds (D:4)
  2 worker ants (D:4)
  3 adders
  3 gnolls (D:2)
  2 worms
  4 dart slugs
  A leopard gecko (D:1)
  2 ball pythons (D:3)
  8 giant cockroaches
  4 goblins
  9 hobgoblins
  3 jackals (D:4)
  2 quokkas (D:2)
  2 bats
  5 frilled lizards
  11 kobolds
  9 rats
76 creatures vanquished.

Vanquished Creatures (others)
  A plant (D:2)
1 creature vanquished.

Grand Total: 77 creatures vanquished

Notes
Turn   | Place    | Note
-------+----------+-------------------------------------------
     0 | D:1      | Peloso the Minotaur Fighter began the quest for the Orb.
     0 | D:1      | Reached XP level 1. HP: 19/19 MP: 0/0
   228 | D:1      | Reached XP level 2. HP: 21/27 MP: 1/1
   667 | D:1      | Reached XP level 3. HP: 32/33 MP: 2/2
  1642 | D:2      | Found a snail-covered altar of Cheibriados.
  1739 | D:2      | Reached XP level 4. HP: 38/41 MP: 3/3
  2997 | D:3      | Reached skill level 1 in Dodging
  2997 | D:3      | Reached XP level 5. HP: 38/47 MP: 4/4
  3444 | D:4      | Reached XP level 6. HP: 50/55 MP: 5/5
  3479 | D:4      | Reached skill level 5 in Armour
  3479 | D:4      | Reached skill level 5 in Shields
  3483 | D:4      | Noticed Eustachio
  3502 | D:4      | Reached skill level 5 in Fighting
  3520 | D:4      | HP: 1/56 [river rat[Eustachio] (2)]
  3521 | D:4      | Succumbed to a worker ant's poison

Illustrated notes

Levels and vault maps discovered:
D:1:      lightli_iron_boxes, layout_basic
D:2:      layout_basic, serial_forest, infiniplex_forest_lined_4_way,
          infiniplex_forest_side_room, infiniplex_forest_lined_3,
          infiniplex_forest_straight_5, infiniplex_forest_lined_2,
          infiniplex_forest_corner_1, infiniplex_forest_corner_1,
          infiniplex_forest_lined_room_3, minivault_14, kennysheep_flooded_box
D:3:      layout_basic
D:4:      layout_rooms, nemelex_altar_shiori, uniq_eustachio, uniq_sigmund

Skill      XL: |  1  2  3  4  5  6 |
---------------+-------------------+-----
Fighting       | 4 5 |  5.0
Shields        | 4 5 |  5.2
Long Blades    | 3 4 |  4.5
Armour         | 4 5 |  5.4
Dodging        | 1 |  1.8
Short Blades   | |  0.6
Stealth        | |  0.5

Action                   |  1- 3 |  4- 6 || total
-------------------------+-------+-------++-------
Melee: Long sword        |   104 |    38 ||   142
       Headbutt          |    19 |    29 ||    48
       Whip              |     6 |    46 ||    52
       Dagger            |       |    56 ||    56
  Use: Potion            |     2 |     3 ||     5
       Scroll            |     4 |     1 ||     5
Armor: Scale mail        |    58 |    39 ||    97
Dodge: Dodged            |    35 |    27 ||    62
Block: Kite shield       |    62 |    52 ||   114
       Rpst.: Long sword |     8 |     2 ||    10

Table legend: (Time is in decaauts)
 A = Elapsed time spent in this place.
 B = Non-inter-level travel time spent in this place.
 C = Inter-level travel time spent in this place.
 D = Time resting spent in this place.
 E = Time spent auto-exploring this place.
 F = Levels seen in this place.
 G = Mean time per level.
                   A        B        C        D        E       F      G
               +--------+--------+--------+--------+--------+-----+--------+
         Total |   3570 |   3453 |    117 |      5 |   2689 |   4 |  892.5 |
       Dungeon |   3570 |   3453 |    117 |      5 |   2689 |   4 |  892.5 |
               +--------+--------+--------+--------+--------+-----+--------+

Top non-repeatable levels by time:
     D:2: 1242 daAuts
     D:3: 1192 daAuts
     D:1: 1032 daAuts
     D:4: 103 daAuts
